 Dungeon Crawl Stone Soup version 0.29.1-15-g9cfb28693d (webtiles) character file.

Game seed: 13197320263132004762

2804 Heoruswealwe the Thaumaturge (level 9, -7/67 HPs)
             Began as a Deep Elf Earth Elementalist on Apr 28, 2023.
             Was an Initiate of Vehumet.
             Mangled by a very large slime creature (47 damage)
             ... on level 9 of the Dungeon on Apr 30, 2023.
             The game lasted 01:41:22 (7752 turns).

Heoruswealwe the Thaumaturge (DEEE)                 Turns: 7752, Time: 01:41:22

Health: -7/67      AC: 24    Str:  3 (4)  XL:     9   Next: 44%
Magic:  31/36      EV:  2    Int: 23 (24) God:    Vehumet [......]
Gold:   25         SH:  0    Dex: 23 (26) Spells: 22/32 levels left

rFire   . . .      SeeInvis .   b - +8 dagger "Iniakoda" {vorpal, Dex+7}
rCold   + . .      Faith    .   (no shield)
rNeg    . . .      Spirit   .   (body armour currently unavailable)
rPois   +          Reflect  .   (helmet currently unavailable)
rElec   .          Harm     .   (cloak currently unavailable)
rCorr   .          Rampage  .   (gloves currently unavailable)
Will    .....      NoTele   +   (boots currently unavailable)
Stlth   +++.......              (no amulet)
HPRegen 0.21/turn               k - ring of protection from cold
MPRegen 0.25/turn               j - ring of magical power

@: tree-form
A: stationary, stasis, torment immunity, boosted hp, agile 1, devolution 1
a: Renounce Religion


You were on level 9 of the Dungeon.
You worshipped Vehumet.
Vehumet was noncommittal.
You were a tree.
You visited 2 branches of the dungeon, and saw 10 of its levels.

You collected 402 gold pieces.
You spent 377 gold pieces at shops.

Inventory:

Hand Weapons
 b - the +8 dagger "Iniakoda" (weapon) {vorpal, Dex+7}
   (You found it on level 7 of the Dungeon)

   It inflicts extra damage upon your enemies.
   Dex:       It affects your dexterity (+7).
 C - a +0 war axe
Armour
 c - the +1 robe of Shrieking Knowledge (melded) {Will+ Str+5 Dex+3}
   (You found it on level 6 of the Dungeon)

   Str:       It affects your strength (+5).
   Dex:       It affects your dexterity (+3).
   Will:      It increases your willpower.
 e - a +2 pair of boots of stealth (melded)
 f - a +0 pair of gloves (melded)
 g - a +0 helmet (melded)
Magical Staves
 p - a staff of air
 r - a staff of poison
Jewellery
 j - a ring of magical power (right branch)
 k - a ring of protection from cold (left branch)
Wands
 m - a wand of digging (13)
 z - a wand of charming (18)
 E - a wand of roots (17)
Scrolls
 d - 5 scrolls of teleportation
 l - a scroll of brand weapon
 n - 2 scrolls of butterflies
 o - a scroll of summoning
 v - a scroll of magic mapping
 w - 2 scrolls of enchant weapon
 y - 2 scrolls of blinking {unknown}
 F - 2 scrolls of enchant armour {unknown}
 G - a scroll of fear
Potions
 a - 4 potions of curing
 q - a potion of lignification
 s - a potion of brilliance
 t - a potion of flight
 u - a potion of ambrosia
 x - a potion of magic
 A - a potion of invisibility
 B - a potion of haste


   Skills:
 - Level 2.4 Dodging
 - Level 2.4 Stealth
 + Level 12.3 Spellcasting
 - Level 1.1 Transmutations
 + Level 10.6 Earth Magic


You had 22 spell levels left.
You knew the following spells:

 Your Spells              Type           Power      Damage    Failure   Level
a - Sandblast             Erth           100%       2d20      1%          1
b - Stone Arrow           Conj/Erth      76%        3d11      1%          3
c - Petrify               Tmut/Erth      41%        N/A       4%          4
z - Passwall              Tmut/Erth      34%        N/A       1%          2

Your spell library contained the following spells:

 Spells                   Type           Power      Damage    Failure   Level
 Apportation              Tloc           28%        N/A       4%          1
 Necrotise                Necr           56%        1d6       4%          1
 Shock                    Conj/Air       56%        1d6       4%          1
 Summon Small Mammal      Summ           56%        N/A       4%          1
 Static Discharge         Conj/Air       14%        3-5/arc   7%          2
 Ignite Poison            Fire/Tmut/Pois 15%        N/A       12%         3
 Mephitic Cloud           Conj/Pois/Air  14%        N/A       14%         3
 Swiftness                Air            14%        N/A       14%         3
 Vampiric Draining        Necr           14%        2d7       14%         3
 Airstrike                Air            7%         2d(1-17)  41%         4
 Dispel Undead            Necr           14%        3d10      41%         4
 Sticky Flame             Conj/Fire      14%        2d4       41%         4
 Agony                    Necr           14%        N/A       77%         5
 Freezing Cloud           Conj/Ice/Air   7%         6-21      77%         5


Dungeon Overview and Level Annotations

Branches:
Dungeon (9/15)             Temple (1/1) D:6
   Lair: D:8-11         Orc: D:9-12

Altars:
Ashenzari
Dithmenos
Elyvilon
Fedhas
Gozag
Hepliaklqana
Kikubaaqudgha
Nemelex Xobeh
Qazlal
Sif Muna
Uskayaw
Vehumet
Wu Jian
Xom
Zin
The Shining One

Shops:
D:3 ((**


Innate Abilities, Weirdness & Mutations

You are a tree.
Your roots penetrate the ground, keeping you stationary.
You cannot be teleported.
You are immune to unholy pain and torment.
Your maximum health is greatly increased.
Your equipment is partially melded.
You are agile. (Dex +4, Str/Int -1)
You have hidden genetic defects.


Message History

The slime creature closely misses you. The slime creature hits you.
A slime creature comes into view.
The slime creature hits you!
The slime creature attacks as you move away!
The slime creature hits you!
* * * LOW HITPOINT WARNING * * *
Two slime creatures merge to form a large slime creature.
You feel much better.
Really quaff the potion of lignification?
You turn into a tree.
Your +0 helmet melds into your body.
Your +0 pair of gloves melds into your body.
Your +2 pair of boots of stealth melds into your body.
The +1 robe of Shrieking Knowledge {Will+ Str+5 Dex+3} melds into your body.
You feel less stealthy.
Your roots penetrate the ground.
Two slime creatures merge to form a very large slime creature.
The blast of sand hits the very large slime creature.
The very large slime creature is moderately wounded.
The slime creature quivers.
The blast of sand hits the very large slime creature!
The very large slime creature is moderately wounded.
A very large slime creature splits.
Two slime creatures merge to form a very large slime creature.
The blast of sand hits the very large slime creature!!
The very large slime creature is moderately wounded.
The slime creature hits you but does no damage.
The blast of sand hits the very large slime creature!!
The very large slime creature is heavily wounded.
The very large slime creature hits you but does no damage.
The slime creature hits you.
The very large slime creature hits you but does no damage.
The slime creature hits you but does no damage.
The blast of sand hits the very large slime creature!!
The very large slime creature is severely wounded.
The very large slime creature hits you but does no damage.
The slime creature hits you!
The blast of sand hits the very large slime creature!!
The very large slime creature is severely wounded.
The very large slime creature hits you!!!
Ouch! That really hurt!
You die...

#########
#♣J.....#
#J#...#.#
#.#...#
#)#.....
#.#.......
#<#.......
###...#.#.
.....#


You could see a very large slime creature and a slime creature.

Vanquished Creatures
  Pikel (D:6)
  Sigmund (D:2)
  Duvessa (D:6)
  2 ice beasts (D:6)
  An orc warrior (D:8)
  A sky beast (D:8)
  2 centaurs
  A phantom (D:7)
  A kobold brigand (D:8)
  Blork the orc (D:6)
  3 bullfrogs
  A necrophage (D:4)
  2 scorpions
  Dowan (D:6)
  4 howler monkeys (D:7)
  5 hounds
  A jelly (D:5)
  3 orc priests
  A gnoll bouda (D:8)
  Ijyb (D:3)
  An iguana (D:4)
  Terence (D:3)
  Natasha (thrice) (D:3)
  3 orc wizards (D:8)
  Robin (D:3)
  5 gnolls (D:8)
  7 adders
  2 shadow imps
  2 ufetubi
  3 worms
  A dart slug (D:2)
  13 orcs
  10 bats
  10 endoplasms
  5 giant cockroaches
  16 goblins
  6 hobgoblins
  14 jackals
  6 quokkas
  6 ball pythons
  5 frilled lizards
  11 kobolds
  8 rats
173 creatures vanquished.

Vanquished Creatures (others)
  5 dream sheep (D:4)
  25 fungi
  77 plants
107 creatures vanquished.

Grand Total: 280 creatures vanquished

Notes
Turn   | Place    | Note
-------+----------+-------------------------------------------
     0 | D:1      | Heoruswealwe the Deep Elf Earth Elementalist began the
                  | quest for the Orb.
     0 | D:1      | Reached XP level 1. HP: 10/10 MP: 6/6
   195 | D:1      | Reached XP level 2. HP: 15/15 MP: 1/8
   336 | D:1      | Reached skill level 4 in Spellcasting
   370 | D:1      | Reached XP level 3. HP: 18/19 MP: 4/10
   419 | D:1      | Learned a level 2 spell: Passwall
   423 | D:1      | Learned a level 3 spell: Stone Arrow
   807 | D:2      | Noticed Sigmund
   815 | D:2      | Killed Sigmund
   816 | D:2      | Reached skill level 5 in Spellcasting
   816 | D:2      | Reached skill level 5 in Earth Magic
   816 | D:2      | Reached XP level 4. HP: 4/24 MP: 4/13
   816 | D:2      | Reached XP level 5. HP: 4/28 MP: 4/15
   946 | D:2      | Learned a level 4 spell: Petrify
  1029 | D:2      | Reached skill level 6 in Spellcasting
  1334 | D:3      | Noticed Natasha
  1336 | D:3      | Killed Natasha
  1366 | D:3      | Found Xeics's Weapon Shoppe.
  1503 | D:3      | Noticed Ijyb
  1512 | D:3      | Killed Ijyb
  1513 | D:3      | Reached XP level 6. HP: 31/32 MP: 11/17
  1534 | D:3      | Noticed Natasha
  1550 | D:3      | Killed Natasha
  1550 | D:3      | Noticed Robin
  1566 | D:3      | Killed Robin
  1606 | D:3      | Found a faded altar of an unknown god.
  1624 | D:3      | Prayed at the altar of an unknown god.
  1624 | D:3      | Became a worshipper of the Shining One
  1624 | D:3      | Reached * piety under the Shining One
  1957 | D:3      | Found Xeasasus's Assorted Antiques.
  1978 | D:3      | Bought a fuming emerald potion for 18 gold pieces
  1978 | D:3      | Bought a scroll of identify for 40 gold pieces
  1992 | D:3      | Noticed Terence
  1996 | D:3      | Killed Terence
  2001 | D:3      | Found Ymumiupn's Weapon Shop.
  2223 | D:3      | Found Yroydod's Assorted Antiques.
  2226 | D:3      | Bought a scroll labelled XUMOF DONG for 22 gold pieces
  2226 | D:3      | Bought a scroll labelled YVIRUK UFOBA for 22 gold pieces
  2253 | D:3      | Found a faded altar of an unknown god.
  2258 | D:3      | Found a hazy altar of Hepliaklqana.
  2301 | D:3      | Noticed Natasha
  2303 | D:3      | Killed Natasha
  2410 | D:4      | Reached skill level 7 in Spellcasting
  2794 | D:4      | Reached XP level 7. HP: 33/36 MP: 17/19
  2863 | D:4      | Noticed a dream sheep
  2863 | D:4      | Noticed a dream sheep
  2863 | D:4      | Noticed a dream sheep
  2863 | D:4      | Noticed a dream sheep
  2863 | D:4      | Noticed a dream sheep
  2863 | D:4      | Found a shimmering altar of Xom.
  2868 | D:4      | Killed a dream sheep
  2868 | D:4      | Killed a dream sheep
  2868 | D:4      | Killed a dream sheep
  2868 | D:4      | Killed a dream sheep
  2868 | D:4      | Killed a dream sheep
  3286 | D:5      | Entered Level 5 of the Dungeon
  3362 | D:5      | Reached skill level 8 in Spellcasting
  4367 | D:6      | Noticed Blork the orc
  4383 | D:6      | Killed Blork the orc
  4404 | D:6      | Noticed Duvessa
  4404 | D:6      | Noticed Dowan
  4415 | D:6      | Killed Duvessa
  4416 | D:6      | Reached skill level 9 in Spellcasting
  4418 | D:6      | Killed Dowan
  4419 | D:6      | Reached XP level 8. HP: 33/41 MP: 14/23
  4450 | D:6      | Identified the +1 robe of Shrieking Knowledge {Will+ Str+5
                  | Dex+3}
  4473 | D:6      | Found a staircase to the Ecumenical Temple.
  4594 | D:6      | Noticed Pikel
  4601 | D:6      | Killed Pikel
  4602 | D:6      | Reached skill level 10 in Spellcasting
  4785 | D:6      | Found a white marble altar of Elyvilon.
  5279 | Temple   | Entered the Ecumenical Temple
  5726 | D:7      | Found an opulent altar of Gozag.
  5841 | D:7      | Reached skill level 11 in Spellcasting
  5892 | D:7      | Identified the +8 dagger "Iniakoda" {vorpal, Dex+7}
  6030 | D:7      | Reached ** piety under the Shining One
  6053 | D:7      | Found a glowing golden altar of the Shining One.
  6172 | D:7      | Reached XP level 9. HP: 45/45 MP: 26/26
  6426 | D:8      | Reached skill level 10 in Earth Magic
  6589 | D:8      | Reached skill level 12 in Spellcasting
  6610 | D:8      | Found an ancient bone altar of Kikubaaqudgha.
  6774 | D:8      | Found a radiant altar of Vehumet.
  6846 | D:8      | Found a stormy altar of Qazlal.
  7380 | D:1      | Gained mutation: You are agile. (Dex +4, Str/Int -1)
                  | [potion of mutation]
  7380 | D:1      | Gained mutation: You have hidden genetic defects. [potion
                  | of mutation]
  7496 | D:3      | Bought a fine robe for 125 gold pieces
  7496 | D:3      | Identified the +1 robe "Neron" {Rampage rF+ Dex-3 Stlth+}
                  | (You bought it in a shop on level 3 of the Dungeon)
  7578 | D:3      | Bought a pair of glowing boots for 150 gold pieces
  7699 | D:8      | Fell from the grace of the Shining One
  7699 | D:8      | Became a worshipper of Vehumet
  7752 | D:9      | Mangled by a very large slime creature

Illustrated notes

Levels and vault maps discovered:
D:1:      shiori_arrival_elements, layout_basic, serial_glass, glass_columns_c,
          glass_columns_c, minmay_vboxes
D:2:      layout_loops_ring, uniq_sigmund
D:3:      layout_loops_ring, nicolae_overflow_ecumenical_swirl,
          dreamdust_ecumenical_altar_statues, serial_shops, nicolae_shop_trees,
          nicolae_lakefront_shop, shop, nicolae_shop_overgrown_old_shop,
          uniq_natasha, uniq_terence, uniq_ijyb, uniq_robin
D:4:      minmay_inner_zag, layout_basic, kb_xom_exploding_sheep
D:5:      layout_loops_corners
D:6:      layout_loops_cross, nicolae_elyvilon_temple_path, temple_doors_e,
          serial_aquarium, aquarium_bridge_straight [aquarium_subvault_bridge,
          aquarium_subvault_window, aquarium_subvault_bridge,
          aquarium_subvault_wall], aquarium_bridge_straight
          [aquarium_subvault_bridge, aquarium_subvault_window,
          aquarium_subvault_bridge, aquarium_subvault_balcony],
          aquarium_window_double, aquarium_window_3, aquarium_window_fake,
          aquarium_view_2c, aquarium_view_2g, aquarium_pool_2, minmay_holes,
          minmay_misc_feat_square, uniq_blork_the_orc, uniq_duvessa, uniq_pikel
D:7:      layout_basic, mainiacjoe_overflow_six_doors_small,
          nicolae_tso_swordbearing_angel
D:8:      layout_cave_pools, mainiacjoe_overflow_boulevard,
          nicolae_vehumet_altar_sigil, kiku_gazebo_pond_becter
D:9:      layout_basic, orc_0_dummy, serial_bayou_crossing
Temple:   nicolae_temple_godpark

Skill      XL: |  1  2  3  4  5  6  7  8  9 |
---------------+----------------------------+-----
Spellcasting   | 4 5 6 7 9 11 12 | 12.3
Earth Magic    | 4 5 6 8 9 10 | 10.6
Dodging        | |  2.4
Stealth        | |  2.4
Transmutations | |  1.1

Action                   |  1- 3 |  4- 6 |  7- 9 || total
-------------------------+-------+-------+-------++-------
Melee: War axe           |       |     8 |   201 ||   209
       Punch             |       |       |     7 ||     7
       Dagger            |       |       |    39 ||    39
 Cast: Sandblast         |    56 |    71 |   133 ||   260
       Passwall          |       |       |    38 ||    38
Evoke: Wand              |       |       |     3 ||     3
  Use: Potion            |     1 |       |    19 ||    20
       Scroll            |       |     8 |     5 ||    13
Armor: Robe              |     1 |     3 |    14 ||    18
       Skin              |       |       |     5 ||     5
Dodge: Dodged            |    16 |     8 |    32 ||    56
